[Event "fics rated crazyhouse match"]
[Site "fics, Oklahoma City, OK USA"]
[Date "2000.12.26"]
[White "VampireGod"]
[WhiteElo "2320"]
[Black "marcusm"]
[BlackElo "2336"]
[TimeControl "180+0"]
[Result "0-1"]

1. d4 Nf6 2. Nf3 Nc6 3. Bf4 e6 4. e3 d5 5. Bd3 Ne4 6. O-O 
Be7 7. Nbd2 f5 8. Ne5 O-O 9. Bxe4 dxe4 10. Nxc6 bxc6 11. N@e5 B@e8 
12. f3 exf3 13. Ndxf3 P@f6 14. P@f7+ Rxf7 15. Nxf7 Bxf7 16. N@e5 fxe5 17. Nxe5 
P@f6 18. Nxc6 Qe8 19. Nxe7+ Qxe7 20. B@c5 N@d6 21. Bcxd6 cxd6 22. P@h6 gxh6 
23. Bxh6 P@g7 24. Bxg7 Kxg7 25. P@h6+ Kxh6 26. P@f4 Bb7 27. R@h4+ P@h5 28. N@f3 
N@e4 29. P@g5+ fxg5 30. fxg5+ Nxg5 31. P@f4 Nxf3+ 32. Rxf3 Qxh4 33. N@g3 Kg7 
34. Nxh5+ Bxh5 35. Rg3+ P@g4 36. P@h3 P@f2+ 37. Kxf2 N@e4+ 38. Ke2 Nxg3+ 39. hxg3 
Qxg3 40. P@f6+ Kxf6 41. Qe1 gxh3+ 42. N@f3 Bhxf3+ 43. gxf3 Bxf3+ 44. Kd2 R@f2+ 
45. Kc3 N@d5+ 46. Kb3 Rb8+ 47. Ka3 P@b4+ 48. Qxb4 Nxb4 49. B@g5+ Kf7 50. P@g6+ 
hxg6 51. Rg1 Qxg1 52. c3 Nd3 53. Ka4 Rfxb2 54. Ka5 Q@b5# 
{VampireGod checkmated} 0-1

[Event "fics rated crazyhouse match"]
[Site "fics, Oklahoma City, OK USA"]
[Date "2000.12.26"]
[White "marcusm"]
[WhiteElo "2344"]
[Black "VampireGod"]
[BlackElo "2312"]
[TimeControl "180+0"]
[Result "0-1"]

1. e4 e5 2. Nf3 Nc6 3. Bc4 Bc5 4. Nc3 Nf6 5. O-O d6 6. h3 
Nd4 7. d3 c6 8. Be3 O-O 9. Bxd4 Bxd4 10. Nxd4 exd4 11. Ne2 d5 
12. exd5 cxd5 13. Bb3 B@h5 14. N@g3 Bxe2 15. Qxe2 N@f4 16. Qe5 Nxh3+ 17. Kh1 
N@g4 18. Qe2 Nhxf2+ 19. Rxf2 Nxf2+ 20. Qxf2 P@e3 21. Qf4 Ng4 22. P@h3 Nf2+ 
23. Kh2 P@h4 24. B@e5 hxg3+ 25. Qxg3 N@g4+ 26. hxg4 Nxg4+ 27. Kh1 R@h5+ 28. P@h3 
Nf2+ 29. Kg1 Rxe5 30. Qxe5 P@f6 31. Qg3 P@g4 32. hxg4 Nxg4 33. P@h2 B@f2+ 
34. Qxf2 exf2+ 35. Kh1 Q@g1+ 36. Rxg1 fxg1=Q+ 37. Kxg1 P@f2+ 38. Kf1 R@e1# 
{marcusm checkmated} 0-1

[Event "fics rated crazyhouse match"]
[Site "fics, Oklahoma City, OK USA"]
[Date "2000.12.26"]
[White "VampireGod"]
[WhiteElo "2321"]
[Black "marcusm"]
[BlackElo "2335"]
[TimeControl "180+0"]
[Result "0-1"]

1. e4 Nf6 2. Nc3 d5 3. exd5 Nxd5 4. Nxd5 Qxd5 5. N@c3 Qd8 6. d4 
e6 7. Nf3 Bb4 8. Bd2 Nc6 9. Bd3 Nxd4 10. Nxd4 Qxd4 11. P@e3 Qd8 
12. N@h5 Bf8 13. Qg4 P@g6 14. Nf4 e5 15. Qe2 exf4 16. exf4+ P@e6 17. Bb5+ 
Bd7 18. Bxd7+ Qxd7 19. P@d5 N@d4 20. Qd3 N@b4 21. Qxd4 Nxc2+ 22. Kf1 Nxd4 
23. dxe6 Qxe6 24. Re1 B@c4+ 25. P@e2 P@h3 26. gxh3 P@g2+ 27. Kg1 Qxh3 28. P@d7+ 
Qxd7 29. N@g5 P@h3 
{VampireGod resigns} 0-1

[Event "fics rated crazyhouse match"]
[Site "fics, Oklahoma City, OK USA"]
[Date "2000.12.26"]
[White "marcusm"]
[WhiteElo "2343"]
[Black "VampireGod"]
[BlackElo "2313"]
[TimeControl "180+0"]
[Result "0-1"]

1. e4 e6 2. d4 Nc6 3. Nf3 Nf6 4. e5 Ne4 5. Bd3 d5 6. exd6 
Nxd6 7. Nc3 Be7 8. O-O P@f5 9. Be3 Nb4 10. Ne5 Nxd3 11. cxd3 f6 
12. Nf3 O-O 13. N@h5 B@g4 14. Nf4 e5 15. dxe5 fxe5 16. Nfd5 e4 17. dxe4 
fxe4 18. Qb3 P@c4 19. Nxe7+ Qxe7 20. Nd5 Qf7 21. Ne5 Qxd5 22. Nxg4 cxb3 
23. B@g3 Bxg4 24. Bxd6 Qxd6 25. B@g3 P@f3 26. Bxd6 N@e2+ 27. Kh1 fxg2+ 28. Kxg2 
Q@f3# 
{marcusm checkmated} 0-1

[Event "fics rated crazyhouse match"]
[Site "fics, Oklahoma City, OK USA"]
[Date "2000.12.26"]
[White "VampireGod"]
[WhiteElo "2322"]
[Black "marcusm"]
[BlackElo "2334"]
[TimeControl "180+0"]
[Result "0-1"]

1. e4 Nf6 2. Nc3 d5 3. exd5 Nxd5 4. Bc4 e6 5. Bxd5 exd5 6. d4 
Bb4 7. Nf3 Bg4 8. h3 Bh5 9. P@g4 Bg6 10. N@e5 B@e4 11. Nxg6 hxg6 
12. O-O Nc6 13. B@b5 Bxc3 14. bxc3 Bxf3 15. Qxf3 P@e4 16. Qf4 a6 17. Qe5+ 
Kf8 18. Bxc6 bxc6 19. B@h6 B@f6 20. B@e7+ Qxe7 21. Qxe7+ Kxe7 22. N@e5 Bxe5 
23. dxe5 N@e2+ 24. Kh1 N@g3+ 25. fxg3 Nxg3+ 26. Kg1 Q@h1+ 27. Kf2 Qxf1+ 28. Kxg3 
B@e1+ 29. B@f2 Qxf2+ 30. Kh2 N@f3+ 31. Kh1 R@g1# 
{VampireGod checkmated} 0-1

[Event "fics rated crazyhouse match"]
[Site "fics, Oklahoma City, OK USA"]
[Date "2000.12.26"]
[White "marcusm"]
[WhiteElo "2342"]
[Black "VampireGod"]
[BlackElo "2314"]
[TimeControl "180+0"]
[Result "1-0"]

1. e4 e5 2. Nf3 Nc6 3. d4 exd4 4. Nxd4 Nxd4 5. Qxd4 N@e6 6. Qd1 
Bc5 7. Nc3 d6 8. Bc4 Nf6 9. O-O P@d4 10. Nd5 Nxe4 11. P@e7 Qd7 
12. Qf3 P@c6 13. Qxe4 cxd5 14. Bxd5 N@f6 15. Qf5 Nxd5 16. Qxd5 B@c6 17. Qf5 
Qxe7 18. P@d5 P@g6 19. Qf3 Ng5 20. Bxg5 Qxg5 21. Rae1+ B@e5 22. dxc6 bxc6 
23. Qxc6+ P@d7 24. Qxa8 O-O 25. N@f3 Qg4 26. P@e7 Re8 27. R@d8 
{VampireGod resigns} 1-0

[Event "fics rated crazyhouse match"]
[Site "fics, Oklahoma City, OK USA"]
[Date "2000.12.26"]
[White "VampireGod"]
[WhiteElo "2307"]
[Black "marcusm"]
[BlackElo "2349"]
[TimeControl "180+0"]
[Result "0-1"]

1. e4 Nf6 2. Nc3 Nc6 3. d4 e6 4. e5 Nd5 5. Nf3 Bb4 6. Bd2 
d6 7. Bb5 Bd7 8. O-O Bxc3 9. bxc3 Nxe5 10. dxe5 Bxb5 11. N@h5 P@e2 
12. Nxg7+ Kd7 13. Bg5 exd1=Q 14. Bxd8 Qxf1+ 15. Rxf1 Raxd8 16. exd6 cxd6 17. P@f5 
P@e2 18. fxe6+ fxe6 19. Q@f7+ R@e7 
{VampireGod resigns} 0-1

[Event "fics rated crazyhouse match"]
[Site "fics, Oklahoma City, OK USA"]
[Date "2000.12.26"]
[White "marcusm"]
[WhiteElo "2356"]
[Black "VampireGod"]
[BlackElo "2300"]
[TimeControl "180+0"]
[Result "0-1"]

1. e4 e6 2. d4 Nc6 3. Nf3 Nf6 4. Nc3 d5 5. e5 Ne4 6. Bd3 
Bb4 7. Bd2 Nxf2 8. Kxf2 Nxd4 9. Nxd4 Qh4+ 10. Kf1 Qxd4 11. N@f3 Bxc3 
12. Nxd4 Bxd4 13. Q@f4 N@f2 14. Qe2 Nxh1 15. Qxd4 N@g3+ 16. hxg3 Nxg3+ 17. Ke1 
Nxe2 18. Bxe2 N@e4 19. B@h4 R@h1+ 20. N@f1 Rxh4 21. N@f3 Rh1 22. N@g5 B@c5 
23. Qa4+ Bd7 24. Qb3 P@f2+ 25. Kd1 Nxd2 26. Qxb7 B@c6 27. Qxa8+ Bxa8 28. Nxd2 
Q@e1# 
{marcusm checkmated} 0-1

[Event "fics rated crazyhouse match"]
[Site "fics, Oklahoma City, OK USA"]
[Date "2000.12.26"]
[White "VampireGod"]
[WhiteElo "2309"]
[Black "marcusm"]
[BlackElo "2347"]
[TimeControl "180+0"]
[Result "1-0"]

1. e4 Nc6 2. Nc3 Nf6 3. d4 e6 4. e5 Nd5 5. Nxd5 exd5 6. Nf3 
d6 7. Bb5 Bd7 8. Qe2 Qe7 9. N@h5 a6 10. Nxg7+ Bxg7 11. Bxc6 Bxc6 
12. Bg5 f6 13. N@f5 Bb5 14. P@d3 fxg5 15. Nxe7 B@e4 16. Nxg5 B@g6 17. P@c6 
bxc6 18. Nxg6 hxg6 19. Q@f7+ Kd8 20. Ne6+ Kc8 21. Qxc7# 
{marcusm checkmated} 1-0

[Event "fics rated crazyhouse match"]
[Site "fics, Oklahoma City, OK USA"]
[Date "2000.12.26"]
[White "marcusm"]
[WhiteElo "2338"]
[Black "VampireGod"]
[BlackElo "2318"]
[TimeControl "180+0"]
[Result "1-0"]

1. e4 e6 2. d4 Nc6 3. Nf3 Nf6 4. Bd3 d5 5. e5 Ne4 6. O-O 
Be7 7. Be3 O-O 8. Nc3 f5 9. exf6 Nxf6 10. Ne5 P@e4 11. Be2 Bd7 
12. P@g6 hxg6 13. Nxg6 Be8 14. Nxf8 Bxf8 15. f3 exf3 16. Bxf3 P@e4 17. Bg4 
P@f5 18. Be2 N@g4 19. P@d2 Bh5 20. P@h3 Nxe3 21. dxe3 Bxe2 22. Qxe2 B@h5 
23. Qf2 B@b4 24. B@h4 Bxc3 25. bxc3 Be7 26. R@g5 N@e2+ 27. Kh1 Nxc3 28. N@f4 
Bf7 29. B@g6 Bxg6 30. Nxg6 P@f3 31. Ne5 Nxe5 32. dxe5 fxg2+ 33. Rxg2 P@f3 
34. exf6 fxg2+ 35. Qxg2 B@f3 36. Rxf3 exf3 37. Qxg7# 
{VampireGod checkmated} 1-0

[Event "fics rated crazyhouse match"]
[Site "fics, Oklahoma City, OK USA"]
[Date "2000.12.26"]
[White "VampireGod"]
[WhiteElo "2310"]
[Black "marcusm"]
[BlackElo "2346"]
[TimeControl "180+0"]
[Result "1-0"]

1. e4 Nf6 2. Nc3 d5 3. exd5 Nxd5 4. d4 e6 5. Bc4 Bb4 6. Bxd5 
exd5 7. Bf4 P@a3 8. P@d2 axb2 9. Rb1 B@c1 10. Qe2+ P@e4 11. Nxe4 dxe4 
12. Qxe4+ Be6 13. N@h5 Bcxd2+ 14. Bxd2 Bxd2+ 15. Kxd2 B@h6+ 16. B@e3 P@f5 17. Qd3 
Bxe3+ 18. fxe3 B@c1+ 19. Ke2 Rg8 20. B@a4+ Nc6 21. P@f6 gxf6 22. Bxc6+ bxc6 
23. N@g7+ Ke7 24. B@b4+ P@d6 25. P@e5 B@g4+ 26. Nf3 Bxh5 27. exf6+ Kxf6 28. Nxh5+ 
Ke7 29. B@f6+ Kd7 30. Bxd8 Rxg2+ 31. P@f2 Rxd8 32. Nf6+ Kc8 33. Q@a8+ N@b8 
34. Qa6+ P@b7 35. Q6xb7# 
{marcusm checkmated} 1-0

[Event "fics rated crazyhouse match"]
[Site "fics, Oklahoma City, OK USA"]
[Date "2000.12.26"]
[White "marcusm"]
[WhiteElo "2337"]
[Black "VampireGod"]
[BlackElo "2319"]
[TimeControl "180+0"]
[Result "1-0"]

1. e4 e5 2. Nf3 Nc6 3. d4 exd4 4. Nxd4 Nxd4 5. Qxd4 N@e6 6. Qd1 
Bc5 7. Nc3 Nf6 8. e5 Ng8 9. P@d5 Nd4 10. N@h5 Kf8 11. Ne4 Bb6 
12. d6 Qh4 13. Nhg3 P@d5 14. Be3 dxe4 15. Bxd4 Bxd4 16. Qxd4 B@b6 17. Qd2 
N@g4 18. N@f5 Bxf2+ 19. Qxf2 Nxf2 20. Nxh4 Q@e3+ 21. Be2 P@d2+ 22. Kf1 Ke8 
23. dxc7 
{VampireGod resigns} 1-0

[Event "fics rated crazyhouse match"]
[Site "fics, Oklahoma City, OK USA"]
[Date "2000.12.26"]
[White "VampireGod"]
[WhiteElo "2311"]
[Black "marcusm"]
[BlackElo "2345"]
[TimeControl "180+0"]
[Result "0-1"]

1. e4 Nf6 2. Nc3 d5 3. exd5 Nxd5 4. Bc4 e6 5. Bxd5 exd5 6. d4 
Nc6 7. Nf3 Bb4 8. Bd2 P@e4 9. N@h5 Rg8 10. Ng5 Nxd4 11. Nxh7 B@g4 
12. P@f6 Bxh5 13. Qxh5 Nxc2+ 14. Kf1 Bxc3 15. B@a4+ c6 16. Bxc3 P@h3 17. P@e7 
hxg2+ 18. Ke2 P@d3+ 19. Kd2 N@c4+ 20. Kc1 gxh1=Q+ 21. B@e1 Qd6 22. fxg7 Nxe1 
23. Nf6+ Qxf6 24. Bxf6 P@d2+ 25. Kd1 Nc2# 
{VampireGod resigns} 0-1

[Event "fics rated crazyhouse match"]
[Site "fics, Oklahoma City, OK USA"]
[Date "2000.12.26"]
[White "marcusm"]
[WhiteElo "2352"]
[Black "VampireGod"]
[BlackElo "2304"]
[TimeControl "180+0"]
[Result "1-0"]

1. e4 e6 2. d4 Nc6 3. Nf3 Nf6 4. e5 Ne4 5. Be3 d5 6. Bd3 
Be7 7. O-O Kf8 8. Nc3 Nxc3 9. bxc3 N@e4 10. Bxe4 dxe4 11. Nd2 B@f5 
12. N@h5 f6 13. exf6 Bxf6 14. Nxf6 gxf6 15. B@h6+ P@g7 16. Bxg7+ Kxg7 17. N@h5+ 
Kf7 18. f3 exf3 19. Nxf3 B@g4 20. Nf4 N@c4 21. Qe1 Nxe3 22. Qxe3 Bxf3 
23. Rxf3 P@e4 24. Rff1 N@c4 25. Qg3 B@e3+ 26. Kh1 Bxf4 27. Rxf4 N@e2 28. N@h6+ 
Ke7 29. Qg7+ Kd6 30. B@c5+ Kd5 31. Rf2 Nxc3 32. P@b3 P@b2 33. bxc4+ Kxc4 
34. P@b3+ Kb5 35. a4+ Ka5 36. N@c4+ Ka6 37. P@b5+ Nxb5 38. axb5+ Kxb5 39. N@c3# 
{VampireGod checkmated} 1-0

[Event "fics rated crazyhouse match"]
[Site "fics, Oklahoma City, OK USA"]
[Date "2000.12.26"]
[White "VampireGod"]
[WhiteElo "2297"]
[Black "marcusm"]
[BlackElo "2359"]
[TimeControl "180+0"]
[Result "1-0"]

1. e4 Nf6 2. Nc3 d5 3. exd5 Nxd5 4. Nxd5 Qxd5 5. N@c3 Qd8 6. d4 
Nc6 7. Nf3 Bg4 8. Bb5 a6 9. Bxc6+ bxc6 10. h3 Bxf3 11. Qxf3 e6 
12. Qxf7+ Kxf7 13. N@e5+ Ke8 14. P@f7+ Ke7 15. Nxc6+ Kd7 16. Nxd8 Rxd8 17. B@e8+ 
Ke7 18. Bc6 Kxf7 19. P@d7 Bb4 20. P@d5 Q@e4+ 21. Be3 exd5 22. Q@h5+ Ke7 
23. Bxd5 Bxc3+ 24. bxc3 N@f3+ 25. gxf3 N@g2+ 26. Kd2 Qxd5 27. Qxd5 B@e6 28. N@c6+ 
Kf7 29. Q@e7+ Kg6 30. P@h5# 
{marcusm checkmated} 1-0

[Event "fics rated crazyhouse match"]
[Site "fics, Oklahoma City, OK USA"]
[Date "2000.12.26"]
[White "marcusm"]
[WhiteElo "2350"]
[Black "VampireGod"]
[BlackElo "2306"]
[TimeControl "180+0"]
[Result "0-1"]

1. e4 e5 2. Nf3 Nc6 3. d4 exd4 4. Nxd4 Nxd4 5. Qxd4 N@e6 6. Qd1 
Bc5 7. Nc3 d6 8. N@h5 P@g6 9. Ng3 Nf6 10. P@f5 gxf5 11. exf5 Nd4 
12. P@g5 Nxf5 13. gxf6 Qxf6 14. Nce4 Qe7 15. Be2 Nxg3 16. Nxg3 N@g4 17. O-O 
P@c6 18. Bxg4 Bxg4 19. Qxg4 B@e6 20. Qxg7 O-O-O 21. P@a6 bxa6 22. B@f6 Qd7 
23. Qxh8 Rxh8 24. Bxh8 Qd8 25. R@a8+ Q@b8 26. Rxb8+ Kxb8 27. N@a5 P@b7 28. Nxb7 
Qc8 29. R@d8 P@h3 30. Na5 P@b7 31. Rxc8+ Bxc8 32. Q@e8 R@d7 33. N@f6 R@e7 
34. Qf8 hxg2 35. Kxg2 P@h3+ 36. Kxh3 Rd8+ 37. N@d7+ Rexd7 38. Nxd7+ Bxd7+ 39. P@g4 
Bxg4+ 40. Kxg4 N@e5+ 41. Bxe5 Rxf8 42. N@d7+ Ka8 43. Nxf8 f5+ 44. Nxf5 h5+ 
45. Kxh5 P@g6+ 46. Kxg6 N@e7+ 47. Nxe7 Q@g4+ 48. R@g5 Qxg5+ 49. Bxg5 R@b8 50. R@g8 
Be3 51. Bxe3 dxe5 52. Nd7 Rxg8+ 53. Nxg8 B@f7+ 54. Kxf7 R@d8 55. Ke7 Rc8 
56. R@f8 Rxf8 57. Nxf8 R@c8 58. P@d7 Rb8 
{marcusm forfeits on time} 0-1

[Event "fics rated crazyhouse match"]
[Site "fics, Oklahoma City, OK USA"]
[Date "2000.12.26"]
[White "VampireGod"]
[WhiteElo "2315"]
[Black "marcusm"]
[BlackElo "2341"]
[TimeControl "180+0"]
[Result "0-1"]

1. e4 Nf6 2. Nc3 d5 3. exd5 Nxd5 4. Nxd5 Qxd5 5. N@c3 Qd8 6. d4 
Nc6 7. Nf3 Bg4 8. Be2 e6 9. h3 Bh5 10. Bg5 Be7 11. Bxe7 Qxe7 
12. O-O Rd8 13. B@h4 f6 14. d5 exd5 15. Nxd5 Rxd5 16. Qxd5 Bxf3 17. Bxf3 
B@e6 18. P@d7+ Qxd7 19. Qxd7+ Bxd7 20. Rfe1+ P@e5 21. R@a8+ N@d8 22. P@d6 cxd6 
23. B@c7 O-O 24. Bxd8 Nxd8 25. N@e7+ Kf7 26. Nd5 N@c6 27. Nb4 N@d4 28. Nxc6 
Bxc6 29. Q@c7+ Q@d7 30. Qxd7+ Bxd7 31. N@d5 N@c6 32. Rad1 Nxf3+ 33. gxf3 Bxh3 
34. N@f4 P@g2 35. Nxg2 Bxg2 36. P@e6+ Nxe6 37. Rxf8+ Nxf8 38. R@c7+ P@e7 39. Q@h2 
P@h3 40. Nxe7 Nxe7 41. Rxe7+ Kxe7 42. N@f5+ Ke6 43. Rxd6+ Kxf5 44. P@g4+ Kg6 
45. P@f5+ Kf7 46. Bxf6 gxf6 47. P@g6+ hxg6 48. fxg6+ Nxg6 49. P@f5 Nh4 50. Rd7+ 
Ke8 51. Qxg2 hxg2 52. B@f7+ Kxd7 53. Rd1+ Ke7 54. Rd7+ Kxd7 55. Be6+ Ke7 
56. Kh2 N@f4 57. Kg3 g1=Q+ 58. Kxh4 B@g5# 
{VampireGod checkmated} 0-1

[Event "fics rated crazyhouse match"]
[Site "fics, Oklahoma City, OK USA"]
[Date "2000.12.26"]
[White "marcusm"]
[WhiteElo "2348"]
[Black "VampireGod"]
[BlackElo "2308"]
[TimeControl "180+0"]
[Result "1-0"]

1. e4 e6 2. d4 Nc6 3. Nf3 Nf6 4. e5 Ne4 5. Be3 d5 6. Bd3 
Be7 7. O-O O-O 8. Nc3 f5 9. exf6 Nxf6 10. Ne5 Nb4 11. P@g6 hxg6 
12. Nxg6 Nxd3 13. cxd3 B@h5 14. Nxe7+ Qxe7 15. B@e2 Bxe2 16. Qxe2 B@h5 17. f3 
P@c4 18. dxc4 dxc4 19. P@g4 P@d3 20. Qd2 Nxg4 21. fxg4 P@f2+ 22. Rxf2 N@e2+ 
23. Nxe2 dxe2 24. gxh5 Rxf2 25. P@h7+ Kh8 26. Bxf2 Qf7 27. N@g6+ Kxh7 28. N@f8+ 
Qxf8 29. Nxf8+ Kg8 30. P@h7+ Kxf8 31. h8=Q+ N@g8 32. N@g6+ Kf7 33. Q@f8# 
{VampireGod checkmated} 1-0

[Event "fics rated crazyhouse match"]
[Site "fics, Oklahoma City, OK USA"]
[Date "2000.12.26"]
[White "marcusm"]
[WhiteElo "2355"]
[Black "pminear"]
[BlackElo "2521"]
[TimeControl "180+0"]
[Result "0-1"]

1. e4 e5 2. Nf3 Nc6 3. d4 exd4 4. Nxd4 Nf6 5. Bg5 Nxd4 6. Qxd4 
N@e6 7. Bxf6 gxf6 8. Qd1 B@d4 9. Nc3 Bxf2+ 10. Kxf2 Bc5+ 11. P@e3 P@f4 
12. N@f5 fxe3+ 13. Ke2 Rg8 14. B@h6 P@g4 15. Bxe3 Bxe3 16. Nxe3 P@d4 17. N@h6 
Nf4+ 18. Kf2 dxe3+ 19. Kxe3 Nxg2+ 20. Bxg2 B@g5+ 21. P@f4 Bxh6 22. N@f5 Bxf4+ 
23. Kxf4 P@e5+ 24. Ke3 N@c4+ 25. Kf2 P@e3+ 26. Nxe3 Nxe3 27. Kxe3 N@c4+ 28. Kf2 
N@e3 29. Qd3 Nxg2 30. Qxc4 Nf4 31. N@h6 d5 32. exd5 B@d4+ 33. P@e3 Bxe3+ 
34. Kxe3 P@d4+ 35. Kd2 dxc3+ 36. bxc3 Qxd5+ 37. Qxd5 P@e3+ 38. Kc1 N@e2+ 39. Kb2 
Nxd5 40. Nxg8 Nexc3 41. N@g7+ Kf8 42. R@e8+ Kxg7 43. P@h6+ Kg6 44. B@d3+ P@f5 
45. Q@g7+ Kh5 46. Qxf7+ N@g6 47. Nxf6+ Nxf6 48. Qxf6 N@a4+ 49. Kb3 Q@b2+ 50. Kc4 
b5# 
{marcusm checkmated} 0-1

[Event "fics rated crazyhouse match"]
[Site "fics, Oklahoma City, OK USA"]
[Date "2000.12.26"]
[White "pminear"]
[WhiteElo "2525"]
[Black "marcusm"]
[BlackElo "2351"]
[TimeControl "180+0"]
[Result "1-0"]

1. e4 Nf6 2. e5 d5 3. exf6 gxf6 4. d4 Rg8 5. Be3 Nc6 6. Ne2 
Bg4 7. f3 Bxf3 8. gxf3 P@g2 9. Bxg2 Rxg2 10. B@h3 e6 11. Bxg2 B@g6 
12. N@f4 Nb4 13. Nxg6 hxg6 14. P@h7 P@d3 15. B@b5+ c6 16. Bxd3 Nxd3+ 17. cxd3 
B@h8 18. R@g8 Bg7 19. P@h6 
{marcusm resigns} 1-0

[Event "fics rated crazyhouse match"]
[Site "fics, Oklahoma City, OK USA"]
[Date "2000.12.26"]
[White "marcusm"]
[WhiteElo "2347"]
[Black "pminear"]
[BlackElo "2529"]
[TimeControl "180+0"]
[Result "0-1"]

1. e4 e5 2. Nf3 Nc6 3. d4 exd4 4. Nxd4 Nf6 5. Bg5 Be7 6. Nf5 
Rg8 7. Bxf6 Bxf6 8. Nc3 B@a5 9. P@d6 cxd6 10. Nxd6+ Kf8 11. N@d5 P@d4 
12. Nxc8 dxc3 13. bxc3 Bfxc3+ 14. Nxc3 Bxc3+ 15. P@d2 Bxa1 16. B@c5+ P@e7 17. Nxe7 
Nxe7 18. Qxa1 d6 19. P@f6 gxf6 20. Qxf6 R@e6 21. P@g7+ Ke8 22. Bb5+ P@c6 
23. Qd4 dxc5 24. Qxd8+ Rxd8 25. P@c7 Rxe4+ 26. B@e2 Q@c1+ 27. B@d1 Qxd2+ 28. Kf1 
Qxd1+ 29. Q@e1 N@d2+ 30. Kg1 Qxe1+ 31. Bf1 N@h3+ 32. gxh3 Rxg7+ 33. N@g3 Nf3+ 
34. Kg2 N@h4# 
{marcusm checkmated} 0-1

[Event "fics rated crazyhouse match"]
[Site "fics, Oklahoma City, OK USA"]
[Date "2000.12.26"]
[White "pminear"]
[WhiteElo "2533"]
[Black "marcusm"]
[BlackElo "2343"]
[TimeControl "180+0"]
[Result "1-0"]

1. e4 Nf6 2. e5 Nd5 3. d4 d6 4. Nf3 Bg4 5. Be2 e6 6. O-O 
Nc6 7. exd6 Bxd6 8. P@e5 Be7 9. Be3 Qd7 10. Nc3 Nxc3 11. bxc3 N@d5 
12. Bd2 P@e4 13. Ne1 Bf5 14. N@g3 Bg6 15. Rb1 Nb6 16. f3 exf3 17. Bxf3 
Rd8 18. P@h5 Bf5 19. h6 gxh6 20. Bxc6 Qxc6 21. Nxf5 exf5 22. B@b5 Rg8 
23. Bxc6+ bxc6 24. Bxh6 P@f2+ 25. Kh1 fxe1=Q 26. Qxe1 B@e4 27. P@g7 P@h3 28. P@f3 
hxg2+ 29. Kxg2 N@h4+ 30. Qxh4 Rxg7+ 31. Bxg7 Bxh4 32. Q@f8+ Kd7 33. N@c5+ Kc8 
34. P@b7+ Kb8 35. N@a6# 
{marcusm checkmated} 1-0

[Event "fics rated crazyhouse match"]
[Site "fics, Oklahoma City, OK USA"]
[Date "2000.12.26"]
[White "marcusm"]
[WhiteElo "2339"]
[Black "pminear"]
[BlackElo "2537"]
[TimeControl "180+0"]
[Result "1-0"]

1. e4 e5 2. Nf3 Nc6 3. d4 exd4 4. Nxd4 Nxd4 5. Qxd4 d6 6. Nc3 
P@h3 7. N@h5 hxg2 8. Bxg2 P@h3 9. Bf3 N@e5 10. Be2 Nf6 11. Bg5 Nxh5 
12. Bxd8 Kxd8 13. O-O-O B@g5+ 14. Kb1 N@c6 15. Qa4 Nf4 16. P@d5 Bd7 17. dxc6 
Nxc6 18. N@f3 Bf6 19. Qb3 Bxc3 20. Qxf7 N@f6 21. Ng5 Nxe2 22. Ne6+ Bxe6 
23. Qxe6 Bxb2 24. P@f7 Nc3+ 25. Kxb2 Nxd1+ 26. Rxd1 P@c3+ 27. Kxc3 B@b4+ 28. Kd3 
N@f4+ 29. Ke3 Nxe6 30. Q@e8+ Nxe8 31. fxe8=Q+ Kxe8 32. P@d7+ Kxd7 33. f4 P@d4+ 
34. Rxd4 Bd2+ 35. Kf3 
{pminear forfeits on time} 1-0

[Event "fics rated crazyhouse match"]
[Site "fics, Oklahoma City, OK USA"]
[Date "2000.12.26"]
[White "Thufir"]
[WhiteElo "2289"]
[Black "JiggaB"]
[BlackElo "2274"]
[TimeControl "60+0"]
[Result "1-0"]

1. e4 e6 2. d4 Nc6 3. Nf3 Nf6 4. e5 Bb4+ 5. c3 Be7 6. exf6 
Bxf6 7. Be2 d5 8. O-O P@e4 9. Ne5 Nxe5 10. dxe5 Bxe5 11. N@h5 Bf6 
12. Nxf6+ Qxf6 13. B@g5 Qg6 14. N@e5 Qf5 15. Bcf4 P@f6 16. Bg4 fxg5 17. Bxf5 
exf5 18. Bxg5 O-O 19. Qxd5 B@e6 20. Qd1 B@d6 21. P@e7 Re8 22. P@f6 Bxe5 
23. fxg7 Bxg7 24. P@f6 Bh8 25. Nd2 Bcd7 26. Nxe4 fxe4 27. P@g7 Bxg7 28. fxg7 
N@g6 29. B@f6 N@f3+ 30. Kh1 N@g3+ 31. fxg3 N@f2+ 32. Rxf2 P@h6 33. Q@h8# 
{JiggaB resigns} 1-0

[Event "fics rated crazyhouse match"]
[Site "fics, Oklahoma City, OK USA"]
[Date "2000.12.26"]
[White "JiggaB"]
[WhiteElo "2266"]
[Black "Thufir"]
[BlackElo "2297"]
[TimeControl "60+0"]
[Result "0-1"]

1. d4 e6 2. Nf3 Nc6 3. Nc3 Nf6 4. e4 Bb4 5. Bg5 h6 6. Bxf6 
Qxf6 7. e5 Qg6 8. N@e4 Qxe4+ 9. Qe2 Qxe2+ 10. Bxe2 N@f4 11. Rg1 Nxe2 
12. Kxe2 Bxc3 13. bxc3 N@f4+ 14. Kd2 Q@e2+ 15. Kc1 Qxf2 16. Kb1 B@e4 17. B@h4 
Qxc2# 
{JiggaB checkmated} 0-1

[Event "fics rated crazyhouse match"]
[Site "fics, Oklahoma City, OK USA"]
[Date "2000.12.26"]
[White "Thufir"]
[WhiteElo "2304"]
[Black "JiggaB"]
[BlackElo "2259"]
[TimeControl "60+0"]
[Result "1-0"]

1. e4 e6 2. d4 Nc6 3. Nc3 d5 4. exd5 exd5 5. Bb5 Nf6 6. Qe2+ 
P@e4 7. P@e5 Ng8 8. Be3 Be6 9. f3 exf3 10. Nxf3 Ne7 11. Bxc6+ bxc6 
12. P@h6 Nf5 13. hxg7 Bxg7 14. N@h5 Bf8 15. P@g7 Bxg7 16. Nxg7+ Nxg7 17. B@f6 
Nf5 18. Bxd8 Rxd8 19. Bg5 P@e7 20. O-O P@g7 21. Nh4 Nxh4 22. Bxh4 B@b4 
23. Bxe7 Bxe7 24. P@f6 B@c4 25. fxe7 Bxe2 26. exd8=Q+ Kxd8 27. R@b8+ B@c8 28. B@g5+ 
P@f6 29. N@b7+ Ke8 30. Q@d8# 
{JiggaB checkmated} 1-0

[Event "fics rated crazyhouse match"]
[Site "fics, Oklahoma City, OK USA"]
[Date "2000.12.26"]
[White "JiggaB"]
[WhiteElo "2252"]
[Black "Thufir"]
[BlackElo "2311"]
[TimeControl "60+0"]
[Result "0-1"]

1. e4 e6 2. Nc3 Nc6 3. d4 Nf6 4. Be3 Bb4 5. Bd3 d5 6. e5 
Ne4 7. Bxe4 dxe4 8. Nh3 B@f5 9. O-O Bxh3 10. gxh3 N@f3+ 11. Kh1 Bxc3 
12. bxc3 Ncxd4 13. cxd4 Qxd4 14. Bxd4 P@g2+ 15. Kxg2 N@h4+ 16. Kg3 Nxd4 17. Qxd4 
Nf5+ 18. Kg2 B@f3+ 19. Kg1 Nxd4 20. P@g2 Ne2+ 21. Kh1 Bxg2+ 22. Kxg2 Q@f3# 
{JiggaB checkmated} 0-1

[Event "fics rated crazyhouse match"]
[Site "fics, Oklahoma City, OK USA"]
[Date "2000.12.26"]
[White "Thufir"]
[WhiteElo "2318"]
[Black "JiggaB"]
[BlackElo "2245"]
[TimeControl "60+0"]
[Result "1-0"]

1. e4 d5 2. exd5 e6 3. Bb5+ c6 4. dxc6 Nxc6 5. d4 Nf6 6. Nf3 
Bd7 7. Nc3 Be7 8. Bg5 P@b4 9. Bxc6 Bxc6 10. Bxf6 Bxf6 11. P@e5 Be7 
12. P@d6 Bxd6 13. exd6 Qxd6 14. B@e5 Qd7 15. N@c7+ Kf8 16. Nxa8 bxc3 17. bxc3 
B@b2 18. P@h6 gxh6 19. Bxh8 B@g7 20. Bxg7+ Kxg7 21. N@h5+ Kf8 22. B@g7+ Ke8 
{JiggaB resigns} 1-0

[Event "fics rated crazyhouse match"]
[Site "fics, Oklahoma City, OK USA"]
[Date "2000.12.26"]
[White "GusMcClain"]
[WhiteElo "2323"]
[Black "Thufir"]
[BlackElo "2324"]
[TimeControl "60+0"]
[Result "0-1"]

1. e4 e6 2. Nc3 Nc6 3. d4 Bb4 4. Nf3 Nf6 5. Bd3 d5 6. e5 
Ne4 7. O-O Bxc3 8. bxc3 Nxc3 9. Qd2 N@e4 10. Bxe4 Nxe4 11. Qf4 B@f5 
12. N@h5 Rg8 13. B@h4 P@e7 14. Ng5 Nxg5 15. Qxg5 N@g6 16. Nxg7+ Rxg7 17. N@h5 
Rg8 18. Qh6 N@g4 19. Qxh7 Rf8 20. Ng7+ Kd7 21. Qxg6 Nxd4 22. N@c5+ Kc6 
23. Qh5 Kxc5 24. P@b4+ Kxb4 25. Bd2+ Kc5 26. P@b4+ Kc6 27. Nxf5 exf5 28. B@a4+ 
b5 29. Bxb5+ Nxb5 30. a4 Nd4 31. b5+ Kb7 32. P@c6+ Kb8 33. a5 a6 
34. b6 cxb6 35. axb6 Qxb6 36. Rab1 P@b5 37. Bxe7 N@f3+ 38. Kh1 P@e2 39. P@b7 
exf1=Q+ 40. Rxf1 R@g1+ 41. Rxg1 Nxf2# 
{GusMcClain checkmated} 0-1